 Dungeon Sprint DCSS version 0.21.2 (webtiles) character file.

18965 Fang the Severer (level 12, -6/91 HPs)
             Began as a Gargoyle Berserker on Sept 25, 2018.
             Was a High Priest of Trog.
             Killed from afar by an orb of fire (9 damage)
             ... with a bolt of fire
             ... in the Dungeon (Sprint VII: "The Pits").
             The game lasted 00:08:50 (3084 turns).

Fang the Severer (Gargoyle Berserker)               Turns: 3084, Time: 00:08:50

Health: -6/91      AC: 24    Str: 29    XL:     12   Next: 64%
Magic:  4/4        EV: 15    Int:  8    God:    Trog [*****.]
Gold:   33         SH:  0    Dex:  9    Spells: 11/11 levels left

rFire    . . .     SeeInvis .   j - +5 executioner's axe (antimagic)
rCold    . . .     Gourm    .   (shield currently unavailable)
rNeg     + . .     Faith    .   n - +3 chain mail
rPois    ∞         Spirit   .   (no helmet)
rElec    +         Reflect  .   (no cloak)
rCorr    .         Harm     .   (no gloves)
MR       .....     NoTele   +   (no boots)
Stlth    ..........             (no amulet)
HPRegen  0.25/turn              b - +3 ring of strength
MPRegen  0.09/turn              q - +3 ring of evasion

@: no status effects
A: negative energy resistance 1, electricity resistance, unbreathing,
petrification resistance, rot immunity, AC +8
a: Berserk, Trog's Hand, Brothers in Arms, Burn Spellbooks, Renounce Religion


You were in the Dungeon.
You worshipped Trog.
Trog was extremely pleased with you.
You were not hungry.

You visited 1 branch You collected 33 gold pieces.

Inventory:

Hand Weapons
 j - a +5 antimagic executioner's axe (weapon)
 s - a +2 war axe of freezing
 u - a +2 battleaxe of chopping
Armour
 n - a +3 chain mail (worn)
Jewellery
 b - a +3 ring of strength (left hand)
 q - a +3 ring of evasion (right hand)
 t - an uncursed ring of positive energy
 v - an uncursed ring of positive energy
 w - an uncursed ring of stealth
 x - an uncursed ring of fire
 y - an uncursed ring of magical power
Scrolls
 i - 2 scrolls of blinking
 k - 5 scrolls of remove curse
 l - a scroll of summoning
 z - 4 scrolls of enchant armour
 A - 2 scrolls of fear
 B - a scroll of identify
Potions
 a - 2 potions of invisibility
 d - 9 potions of curing
 e - 12 potions of heal wounds
 f - 4 potions of haste
 g - 4 potions of magic
 h - 3 potions of berserk rage
 o - a potion of agility
 p - 2 potions of resistance
 r - 2 potions of brilliance
Comestibles
 c - 8 rations
 m - 7 chunks of flesh


   Skills:
 + Level 17.4 Fighting
 + Level 19.6 Axes
 + Level 13.9 Armour
 + Level 7.5 Dodging
 + Level 2.8 Stealth


You had 11 spell levels left.
You didn't know any spells.

Dungeon Overview and Level Annotations

Branches:
Dungeon (1/1)

Altars:
Cheibriados
Dithmenos
Elyvilon
Fedhas
Gozag
Hepliaklqana
Makhleb
Nemelex Xobeh
Okawaru
Qazlal
Ru
Sif Muna
Trog
Vehumet
Wu Jian
Xom
Yredelemnul
Zin
The Shining One
Beogh
Jiyva
Lugonu


Innate Abilities, Weirdness & Mutations

You are resistant to torment.
Your stone body is resilient. (AC +8)
You are immune to poison.
You resist negative energy. (rN+)
You are resistant to electric shocks. (rElec)
You can survive without breathing.
You are immune to petrification.
You are immune to rotting.


Message History

The orb of fire glows yellow.
Your iron troll twists and deforms.
Your iron troll bites the orb of fire!
Your iron troll claws the orb of fire!!
Your iron troll barely misses the orb of fire.
Your iron troll bites the orb of fire.
Your iron troll claws the orb of fire.
Your iron troll claws the orb of fire but does no damage.
There is a large open door to the Hallway of Sentries (Extremely Hard) here.
Unknown command.
The orb of fire glows deep purple.
The bolt of fire hits your iron troll.
Your iron troll resists.
The bolt of fire hits you!
* * * LOW HITPOINT WARNING * * *
Your iron troll bites the orb of fire!!
Your iron troll claws the orb of fire!
Your iron troll closely misses the orb of fire.
The orb of fire glows deep purple.
The bolt of fire hits your iron troll.
Your iron troll resists.
The bolt of fire hits you!
You die...

#+# #.# #'# #*#
#T# #.# #'#
################@#
.................#
...))............#
+##############..#
#..# #..# #..#
#..# #..#


You could see an orb of fire and a friendly iron troll (berserk).

Vanquished Creatures
  A minotaur (D)
  An ogre mage (D)
  An ice dragon (D)
  5 two-headed ogres (D)
  A spriggan air mage (D)
  2 death yaks (D)
  A shadow wraith (D)
  A wizard (D)
  2 lindwurms (D)
  A deep elf mage (D)
  A manticore (D)
  A guardian serpent (D)
  2 smoke demons (D)
  2 orange demons (D)
  3 spiny frogs (D)
  A freezing wraith (D)
  A red devil (D)
  Grinder (D)
  2 hornets (D)
  3 blink frogs (D)
  Prince Ribbit (D)
  A snapping turtle (D)
  A redback (D)
  A wyvern (D)
  A spriggan (D)
  A fire bat (D)
  A hungry ghost (D)
  A fire elemental (D)
  A floating eye (D)
  A sky beast (D)
  2 necrophages (D)
  2 ogres (D)
  A crocodile (D)
  A big kobold (D)
  A gnoll sergeant (D)
  A small abomination (D)
  2 crimson imps (D)
  Crazy Yiuf (D)
  A worker ant (D)
  7 gnolls (D)
  An ooze (D)
  A leopard gecko (D)
  A giant cockroach (D)
  A hobgoblin (D)
  3 jackals (D)
  A quokka (D)
  A bat (D)
  2 kobolds (D)
  A quokka simulacrum (D)
  A quokka zombie (D)
  2 rats (D)
77 creatures vanquished.

Vanquished Creatures (collateral kills)
  An electric golem (D)
  2 orc knights (D)
  An air elemental (D)
  A warg (D)
  An acid dragon (D)
  3 orc warriors (D)
  3 wolves (D)
  A gnoll shaman (D)
  Jessica (D)
  A gnoll (D)
  A worm (D)
  2 orcs (D)
18 creatures vanquished.

Vanquished Creatures (others)
  A spriggan (D)
  A wyvern (D)
  An orc priest (D)
  3 gnolls (D)
  3 orcs (D)
  A hobgoblin (D)
  A bat (D)
  A frilled lizard (D)
12 creatures vanquished.

Grand Total: 107 creatures vanquished

Notes
Turn   | Place    | Note
-------+----------+-------------------------------------------
     0 | D        | Fang the Gargoyle Berserker began the quest for the Orb.
     0 | D        | Reached XP level 1. HP: 14/14 MP: 1/1
    17 | D        | Reached skill level 3 in Axes
    22 | D        | Found a bloodstained altar of Trog.
    22 | D        | Found a deep blue altar of Sif Muna.
    22 | D        | Found a viscous altar of Jiyva.
    22 | D        | Found a hazy altar of Hepliaklqana.
    22 | D        | Found an opulent altar of Gozag.
    23 | D        | Found a glowing golden altar of the Shining One.
    23 | D        | Found a glowing silver altar of Zin.
    23 | D        | Found a basalt altar of Yredelemnul.
    23 | D        | Found a shimmering altar of Xom.
    23 | D        | Found an ornate altar of the Wu Jian Council.
    23 | D        | Found a sacrificial altar of Ru.
    23 | D        | Found a stormy altar of Qazlal.
    23 | D        | Found an iron altar of Okawaru.
    23 | D        | Found a sparkling altar of Nemelex Xobeh.
    23 | D        | Found a burning altar of Makhleb.
    23 | D        | Found a blossoming altar of Fedhas.
    23 | D        | Found a white marble altar of Elyvilon.
    23 | D        | Found a shadowy altar of Dithmenos.
    23 | D        | Found a snail-covered altar of Cheibriados.
    27 | D        | Found a roughly hewn altar of Beogh.
    27 | D        | Found a corrupted altar of Lugonu.
    27 | D        | Found a radiant altar of Vehumet.
    70 | D        | Reached ** piety under Trog
    80 | D        | Reached XP level 2. HP: 8/20 MP: 2/2
   299 | D        | Noticed a floating eye
   301 | D        | Paralysed by a floating eye for 3 turns
   305 | D        | Killed a floating eye
   305 | D        | Reached skill level 6 in Axes
   305 | D        | Reached XP level 3. HP: 28/28 MP: 3/3
   305 | D        | Reached XP level 4. HP: 34/34 MP: 4/4
   305 | D        | Reached XP level 5. HP: 38/38 MP: 5/5
   307 | D        | Reached *** piety under Trog
   318 | D        | Reached **** piety under Trog
   395 | D        | Noticed Grinder
   396 | D        | Noticed a fire bat
   398 | D        | Noticed a necrophage
   404 | D        | Killed a fire bat
   404 | D        | Reached skill level 7 in Axes
   404 | D        | Reached XP level 6. HP: 45/45 MP: 6/6
   407 | D        | Reached skill level 8 in Axes
   412 | D        | Killed a necrophage
   412 | D        | Reached skill level 5 in Armour
   415 | D        | Reached ***** piety under Trog
   419 | D        | Reached skill level 10 in Fighting
   419 | D        | Reached skill level 9 in Axes
   419 | D        | Reached XP level 7. HP: 52/52 MP: 7/7
   439 | D        | Killed Grinder
   439 | D        | Reached skill level 10 in Axes
   621 | D        | Reached skill level 5 in Dodging
   684 | D        | Noticed a spriggan rider
   693 | D        | Killed a hornet
   693 | D        | Reached XP level 8. HP: 60/60 MP: 8/8
   695 | D        | Killed a spriggan
   695 | D        | Reached ****** piety under Trog
   695 | D        | Received a gift from Trog
   695 | D        | Reached skill level 11 in Axes
   771 | D        | Noticed Prince Ribbit
   779 | D        | Killed Prince Ribbit
   810 | D        | Noticed a manticore
   810 | D        | Noticed a death yak
   818 | D        | Killed a death yak
   818 | D        | Reached skill level 12 in Axes
   818 | D        | Reached XP level 9. HP: 45/68 MP: 9/9
   825 | D        | Killed a manticore
  1198 | D        | Noticed an orange demon
  1198 | D        | Noticed a hornet
  1205 | D        | Received a gift from Trog
  1207 | D        | Killed a hornet
  1207 | D        | Reached skill level 13 in Axes
  1213 | D        | Killed an orange demon
  1253 | D        | Noticed a deep elf mage
  1253 | D        | Noticed a lindwurm
  1256 | D        | Killed a lindwurm
  1256 | D        | Reached skill level 1 in Stealth
  1257 | D        | Reached XP level 10. HP: 73/75 MP: 3/10
  1267 | D        | Killed a deep elf mage
  1267 | D        | Received a gift from Trog
  1267 | D        | Reached skill level 14 in Axes
  1446 | D        | Noticed Crazy Yiuf
  1446 | D        | Noticed a spiny frog
  1451 | D        | Killed Crazy Yiuf
  1452 | D        | Killed a spiny frog
  1674 | D        | Noticed an ogre mage
  1674 | D        | Noticed a two-headed ogre
  1674 | D        | Noticed a two-headed ogre
  1674 | D        | Noticed a two-headed ogre
  1674 | D        | Noticed a two-headed ogre
  1674 | D        | Noticed a minotaur
  1678 | D        | Noticed a two-headed ogre
  1678 | D        | Killed a two-headed ogre
  1678 | D        | Reached skill level 15 in Axes
  1678 | D        | Reached skill level 10 in Armour
  1679 | D        | Killed a two-headed ogre
  1679 | D        | Received a gift from Trog
  1680 | D        | Reached skill level 15 in Fighting
  1684 | D        | Killed an ogre mage
  1684 | D        | Reached XP level 11. HP: 81/81 MP: 11/11
  1685 | D        | Killed a minotaur
  1685 | D        | Reached skill level 16 in Axes
  1686 | D        | Killed a two-headed ogre
  1686 | D        | Killed a two-headed ogre
  1686 | D        | Received a gift from Trog
  1690 | D        | Killed a shadow wraith
  1694 | D        | Killed a two-headed ogre
  1694 | D        | Reached skill level 17 in Axes
  1856 | D        | Noticed a death yak
  1871 | D        | Killed a death yak
  1971 | D        | Noticed Jessica
  1971 | D        | Noticed an orc knight
  1971 | D        | Noticed an orc knight
  1978 | D        | Received a gift from Trog
  1981 | D        | Killed Jessica
  1988 | D        | Killed an orc knight
  1991 | D        | Received a gift from Trog
  1994 | D        | Killed an orc knight
  2215 | D        | Reached skill level 18 in Axes
  2229 | D        | Received a gift from Trog
  2229 | D        | Reached XP level 12. HP: 83/90 MP: 4/12
  2276 | D        | Noticed a spriggan air mage
  2294 | D        | Killed a spriggan air mage
  2462 | D        | Received a gift from Trog
  2569 | D        | Reached skill level 19 in Axes
  2670 | D        | Noticed an electric golem
  2689 | D        | HP: 4/90 [electric golem (6)]
  2694 | D        | Killed an electric golem
  3039 | D        | Noticed an ice dragon
  3046 | D        | Killed an ice dragon
  3078 | D        | Noticed an orb of fire
  3084 | D        | HP: 3/91 [orb of fire/bolt of fire (30)]
  3084 | D        | Killed from afar by an orb of fire

Skill      XL: |  1  2  3  4  5  6  7  8  9 10 11 12 |
---------------+-------------------------------------+-----
Axes           | 3 6 7 9 10 12 13 15 18 19 | 19.6
Fighting       | 4 7 8 10 11 13 14 15 16 17 | 17.4
Dodging        | 2 3 4 5 6 7 |  7.5
Armour         | 3 4 5 6 7 8 11 12 13 | 13.9
Stealth        | 1 2 |  2.8

Action                   |  1- 3 |  4- 6 |  7- 9 | 10-12 || total
-------------------------+-------+-------+-------+-------++-------
Melee: Hand axe          |    15 |    26 |    62 |       ||   103
       Battleaxe         |       |       |     4 |    66 ||    70
       Executioner's axe |       |       |       |    62 ||    62
Invok: Berserk           |     1 |     1 |     4 |     5 ||    11
       Brothers in Arms  |       |       |       |     6 ||     6
  Use: Potion            |       |       |       |     4 ||     4
       Scroll            |       |       |       |     2 ||     2
  Eat: Chunk             |       |       |     6 |    11 ||    17
       Ration            |       |       |       |     1 ||     1
Armor: Animal skin       |     1 |     4 |       |       ||     5
       Chain mail        |       |    19 |    29 |   113 ||   161
Dodge: Dodged            |     6 |    16 |    32 |   103 ||   157
